 Dungeon Crawl Stone Soup version 0.31-a0-1591-g515db51633 (webtiles) character file.

Game seed: 1077055149720973927

126 croobank the Ducker (level 4, -3/36 HPs)
             Began as a Minotaur Hedge Wizard on Jan 6, 2024.
             Was a Follower of Lugonu.
             Slain by a gnoll
             ... wielding the +4 mace of Xizish {heavy, Will+ Str+5}
              (15 damage)
             ... on level 3 of the Dungeon.
             The game lasted 00:13:05 (3120 turns).

croobank the Ducker (Minotaur Hedge Wizard)         Turns: 3120, Time: 00:13:05

Health: -3/36      AC:  4    Str: 14    XL:     4   Next: 84%
Magic:  7/7        EV: 12    Int: 13    God:    Lugonu [*.....]
Gold:   93         SH:  0    Dex: 12    Spells: 2/8 levels left

rFire   . . .        a - +1 short sword (speed)
rCold   . . .        (no shield)
rNeg    . . .        k - +0 robe
rPois   .            c - +0 hat
rElec   .            s - +0 cloak
rCorr   .            (no gloves)
SInv    .            q - +0 pair of boots
Will    .....        m - amulet of magic regeneration
Stlth   ++           t - ring "Doniageo" {Fly Dex+2}
HPRegen 0.26/turn    (no ring)
MPRegen 0.50/turn

%: no passive effects
@: flying
A: horns 2, retaliatory headbutt
a: Renounce Religion, Depart the Abyss


You were on level 3 of the Dungeon.
You worshipped Lugonu.
Lugonu was aware of your devotion.
You visited 1 branch of the dungeon, and saw 3 of its levels.

You collected 93 gold pieces.

Inventory:

Hand Weapons
 a - a +1 short sword of speed (weapon)
 b - a +0 sling
 g - a +0 dagger
Missiles
 n - 2 curare-tipped darts
 w - 11 poisoned darts
Armour
 c - a +0 hat (worn)
 f - a +0 buckler
 k - a +0 robe (worn)
 q - a +0 pair of boots (worn)
 s - a +0 cloak (worn)
Jewellery
 m - an amulet of magic regeneration (around neck)
 t - the ring "Doniageo" (left hand) {Fly Dex+2}
   (You found it on level 2 of the Dungeon)

   [ring of flight]

   Dex+2:     It affects your dexterity (+2).
   Fly:       It grants you flight.
Scrolls
 d - a scroll of torment {unknown}
 e - a scroll of teleportation {unknown}
 i - a scroll of fog {unknown}
 o - 3 scrolls of identify {unknown}
 p - a scroll of poison {unknown}
 r - a scroll of vulnerability {unknown}
 u - 2 scrolls of revelation {unknown}
 v - a scroll of noise {unknown}
 y - a scroll of enchant armour {unknown}
Potions
 h - a potion of might {unknown}
 j - a potion of berserk rage {unknown}
 l - 2 potions of heal wounds {unknown}
 x - a potion of curing {unknown}


   Skills:
 + Level 1.7 Fighting
 + Level 2.9 Dodging
 + Level 2.1 Stealth
 * Level 2.7 Spellcasting
 + Level 1.1 Conjurations
 + Level 0.7 Hexes
 - Level 0.9 Summonings
 + Level 1.0 Translocations


You had 2 spell levels left.
You knew the following spells:

 Your Spells              Type           Power      Damage    Failure   Level
a - Magic Dart            Conj           16%        1d3       14%         1
b - Slow                  Hex            12%        N/A       19%         1
c - Call Imp              Summ           8%         N/A       24%         2
d - Blink                 Tloc           8%         N/A       22%         2

Your spell library contained the following spells:

 Spells                   Type           Power      Damage    Failure   Level
 Cigotuvi's Dreadful Rot  Necr/Alch/Air  2%         N/A       34%         2
 Mephitic Cloud           Conj/Alch/Air  2%         N/A       52%         3
 Olgreb's Toxic Radiance  Alch           1%         N/A       93%         4
 Ozocubu's Refrigeration  Ice            0%         4d7       100%        7
 Discord                  Hex            1%         N/A       100%        8


Dungeon Overview and Level Annotations

Branches:
Dungeon (3/15)

Altars:
Lugonu


Innate Abilities, Weirdness & Mutations

You have a pair of horns on your head.
You reflexively headbutt those who attack you in melee.


Message History

No target in view!
Things that are here:
a +0 club; an adder corpse You see here a quokka corpse.
A rat comes into view.
Found 10 gold pieces.
A gnoll comes into view.
It is wielding the +4 mace of Xizish {heavy, Will+ Str+5}.
Found a spear.
The rat squeaks loudly.
The gnoll shouts!
A kobold comes into view. It is wielding a +0 dagger.
The rat misses you.
The rat twitches its whiskers.
The rat attacks as it pursues you! The rat bites you.
Things that are here:
a +0 club; an adder corpse The rat attacks as it pursues you!
The rat misses you. You furiously retaliate!
You headbutt the rat!
You kill the rat!
Lugonu accepts your kill.
There is an escape hatch in the floor here.
The gnoll hits you with the +4 mace of Xizish {heavy, Will+ Str+5}!
There is an escape hatch in the floor here.
You hit the gnoll.
The gnoll is lightly wounded.
You hit the gnoll.
The gnoll is heavily wounded.
You barely miss the gnoll.
The gnoll is heavily wounded.
The gnoll hits you but does no damage.
You closely miss the gnoll. Your headbutt misses the gnoll.
The gnoll is heavily wounded.
You closely miss the gnoll.
The gnoll is heavily wounded.
The gnoll hits you with the +4 mace of Xizish {heavy, Will+ Str+5}!
You hit the gnoll but do no damage. Your headbutt misses the gnoll.
The gnoll is heavily wounded.
You hit the gnoll but do no damage.
The gnoll is heavily wounded.
The gnoll hits you with the +4 mace of Xizish {heavy, Will+ Str+5}!
You die...

####.# ####....#
###.......####
#...?...†.g..#
#..........##.######
#..####.###.#.......#
#. ...# #.#.#####.##
#....# #.#g........
#K...# #.#@#####.##
$....)# ..#.#####.#
.###### ..#.......#
#)####### #)#
#.#######
#####........ .#
#......###### # .#
#......#


You could see a gnoll.

Vanquished Creatures
  3 adders
  5 ribbon worms
  3 dart slugs
  2 orcs (D:3)
  7 ball pythons
  7 bats
  2 endoplasms (D:1)
  2 giant cockroaches
  7 goblins
  4 hobgoblins
  11 jackals
  3 quokkas
  3 frilled lizards
  12 kobolds
  4 rats
75 creatures vanquished.

Notes
Turn   | Place    | Note
-------+----------+-------------------------------------------
     0 | D:1      | croobank the Minotaur Hedge Wizard began the quest for the
                  | Orb.
     0 | D:1      | Reached XP level 1. HP: 14/14 MP: 2/2
   246 | D:2      | Reached XP level 2. HP: 11/20 MP: 0/4
   286 | D:2      | Learned a level 1 spell: Slow
   866 | D:1      | Reached skill level 1 in Conjurations
   963 | D:1      | Reached XP level 3. HP: 27/27 MP: 1/5
  1169 | D:1      | Reached skill level 1 in Fighting
  1585 | D:2      | Learned a level 2 spell: Call Imp
  2230 | D:2      | Identified the ring "Doniageo" {Fly Dex+2}
  2257 | D:2      | Reached XP level 4. HP: 35/35 MP: 6/6
  2260 | D:2      | Learned a level 2 spell: Blink
  2978 | D:3      | Found a faded altar of an unknown god.
  3007 | D:3      | Reached skill level 1 in Translocations
  3014 | D:3      | Prayed at the altar of an unknown god.
  3014 | D:3      | Became a worshipper of Lugonu the Unformed
  3014 | D:3      | Reached * piety under Lugonu
  3099 | D:3      | Identified the +4 mace of Xizish {heavy, Will+ Str+5}
  3120 | D:3      | Slain by a gnoll

Illustrated notes

Levels and vault maps discovered:
D:1:      amcnicky_arrival_choice, layout_basic, st_stairs_8,
          serial_bayou_pond_d, minmay_pentomino_t2
D:2:      layout_rooms, minmay_ruptured
D:3:      minmay_recursive_quarters, layout_loops_ring,
          chequers_ecumenical_altar_island, minmay_misc_feat_four_crosses,
          chequers_arboretum

Skill      XL: |  1  2  3  4 |
---------------+-------------+-----
Conjurations   | 1 |  1.1
Fighting       | 1 |  1.7
Stealth        | 2 |  2.1
Translocations | 1 |  1.0
Dodging        | |  2.9
Spellcasting   | |  2.7
Hexes          | |  0.7
Summonings     | |  0.9

Action                     |  1- 3 |  4- 6 || total
---------------------------+-------+-------++-------
  Melee: Dagger            |    40 |       ||    40
         Headbutt          |    16 |    17 ||    33
         Punch             |     2 |       ||     2
         Short sword       |    61 |    97 ||   158
   Fire: Sling             |     2 |    13 ||    15
   Cast: Magic Dart        |    83 |    15 ||    98
         Slow              |     2 |       ||     2
    Use: Potion            |     1 |       ||     1
   Stab: Sleeping          |     4 |       ||     4
 Armour: Robe              |    62 |    53 ||   115
  Dodge: Dodged            |    72 |    65 ||   137

Table legend: (Time is in decaauts)
 A = Elapsed time spent in this place.
 B = Non-inter-level travel time spent in this place.
 C = Inter-level travel time spent in this place.
 D = Time resting spent in this place.
 E = Time spent auto-exploring this place.
 F = Levels seen in this place.
 G = Mean time per level.
                   A        B        C        D        E       F      G
               +--------+--------+--------+--------+--------+-----+--------+
         Total |   3105 |   3065 |     40 |   1408 |    780 |   3 | 1035.0 |
       Dungeon |   3105 |   3065 |     40 |   1408 |    780 |   3 | 1035.0 |
               +--------+--------+--------+--------+--------+-----+--------+

Top non-repeatable levels by time:
     D:1: 1626 daAuts
     D:2: 1160 daAuts
     D:3: 318 daAuts
